Map: Estação Rei Sejong ER

Players

Cupcake

  • Race: Zerg Zerg
  • League: Diamond

TheZergLord - Winner!

  • Race: Zerg Zerg
  • League: Master

VOD

Have the link to the VOD?

Description

Time

  • Played on: May 25, 2016, 2:08 p.m.
  • Length: 6:26
Show
View Real Time Build Order
Export as new Build Order

Cupcake Zerg 

Build Orders: Pool First, Zergling Baneling 

Get SALT Encoding   

  12  0:00  Drone  
  13  0:16  Overlord  
  13  0:19  Drone  
  14  0:34  Drone x2  
  16  0:38  Drone  
  17  0:47  Extractor  
  17  0:49  Drone, Spawning Pool  
  16  1:01  Drone  
  17  1:16  Hatchery  
  16  1:19  Drone  
  17  1:35  Queen  
  17  1:39  Overlord  
  19  1:47  Drone x2  
  19  1:53  Metabolic Boost  
  21  2:00  Zergling x2  
  22  2:08  Zergling x2  
  23  2:14  Queen  
  25  2:19  Zergling x2  
  26  2:31  Baneling Nest  
  26  2:33  Drone x2  
  27  2:38  Zergling x2  
  27  2:40  Drone  
  29  2:50  Zergling x4  
  29  2:51  Zergling x4  
  33  2:57  Drone  
  34  3:02  Overlord  
  33  3:21  Zergling x4  
  33  3:23  Baneling x2  
  33  3:24  Baneling  
  33  3:25  Baneling  
  33  3:26  Overlord x2  
  35  3:32  Roach Warren  
  28  3:57  Drone  
  28  3:58  Drone x4, Zergling x2  
  28  4:02  Baneling x2  
  34  4:03  Zergling x12  
  34  4:07  Lair  
  40  4:13  Extractor  
  38  4:24  Zergling x8  
  41  4:33  Zergling x6  
  41  4:37  Spine Crawler  
  43  4:45  Baneling x3  
  29  5:08  Baneling  
  29  5:12  Zergling x10  
  29  5:13  Zergling x2  
  21  5:23  Zergling x4  
  21  5:27  Queen x2  
  27  5:30  Baneling x2  
  27  5:34  Drone x2  
  29  5:39  Baneling  
  29  5:40  Baneling  
  29  5:45  Drone x2  
Show
View Real Time Build Order
Export as new Build Order

TheZergLord Zerg - Winner!

Build Orders: Pool First, Zergling Baneling 

Get SALT Encoding   

  12  0:01  Drone  
  13  0:12  Overlord  
  13  0:17  Drone  
  14  0:31  Drone x2  
  16  0:35  Drone  
  17  0:43  Extractor  
  17  0:45  Drone  
  17  0:51  Spawning Pool  
  16  1:06  Drone  
  16  1:08  Drone  
  18  1:22  Hatchery  
  17  1:28  Drone  
  17  1:31  Drone  
  19  1:41  Queen  
  21  1:48  Metabolic Boost  
  21  1:55  Zergling x2  
  21  1:58  Overlord  
  22  2:05  Drone, Extractor  
  22  2:08  Evolution Chamber  
  22  2:17  Queen  
  24  2:26  Drone x2  
  26  2:33  Zerg Melee Weapons Level 1  
  26  2:38  Drone  
  26  2:39  Drone  
  28  2:49  Drone  
  28  2:54  Zergling x2, Baneling Nest  
  28  2:55  Zergling x2  
  29  3:03  Zergling x6  
  32  3:15  Zergling x6  
  34  3:22  Overlord  
  34  3:25  Zergling x2  
  35  3:38  Baneling x5  
  35  3:39  Baneling  
  33  3:49  Zergling x10  
  29  3:56  Zergling x8  
  33  4:07  Zergling x4  
  35  4:23  Zergling x6  
  35  4:24  Zergling x6  
  37  4:26  Queen  
  40  4:31  Zergling x2  
  40  4:32  Zergling x2  
  42  4:41  Zergling x2  
  42  4:43  Baneling  
  42  4:44  Baneling x6  
  43  4:59  Zergling x4  
  36  5:12  Zergling x8  
  36  5:24  Queen  
  38  5:29  Drone x3  
  38  5:34  Zergling x2  
  39  5:36  Baneling x2  
  39  5:38  Hatchery  
  39  5:39  Zergling x2  
  39  5:46  Baneling x5  
  39  5:49  Zergling x2  
  41  5:50  Zergling x2  
Tags
 
Add a new tag
Caveats
  • Supply blocks, unpowered buildings, or Contaminate may cause inaccurate times.
  • Supply counts are checked every 10 seconds.